HSSL
TACOMA HS TORCHMEN @ SHELBY HS ROCKETS
04/18/2029
 
TOP OF THE 1ST
Tacoma HS Torchmen batting - Pitching for Shelby HS Rockets : RHP Kevin Harris
Pitching: RHP Kevin Harris
Batting: LHB John Bell 0-0: Ball
1-0: Foul Ball, location: 2F
1-1: Fly out, F6 (Line Drive, 6)
Batting: RHB David Carter 0-0: Ball
1-0: Ball
2-0: Called Strike
2-1: Ball
3-1: Swinging Strike
3-2: Strikes out swinging
Batting: RHB Glenn Browne 0-0: Called Strike
0-1: Ball
1-1: Ground out 4-3 (Groundball, 4)
Top of the 1st over - 0 runs, 0 hits, 0 errors, 0 left on base; Tacoma HS 0 - Shelby HS 0
BOTTOM OF THE 1ST
Shelby HS Rockets batting - Pitching for Tacoma HS Torchmen : RHP Bill Gogearty
Pitching: RHP Bill Gogearty
Batting: RHB Phil Stephens 0-0: Bunt for hit - play at first, batter OUT! 1-3
Batting: LHB Ron Davis 0-0: Ball
1-0: Ball
2-0: Ball
3-0: Base on Balls
Batting: RHB Jim Spears 0-0: Called Strike
0-1: Ball
1-1: Ball
2-1: Ball
3-1: Swinging Strike
3-2: Foul Ball, location: 2F
3-2: Foul Ball, location: 2F
3-2: Strikes out swinging
Batting: LHB Ben Ward 0-0: Ball
1-0: Ball
2-0: Foul Ball, location: 2F
2-1: Ball
3-1: Called Strike
3-2: Fly out, F2 (Popup, 25F)
Bottom of the 1st over - 0 runs, 0 hits, 0 errors, 1 left on base; Tacoma HS 0 - Shelby HS 0
TOP OF THE 2ND
Tacoma HS Torchmen batting - Pitching for Shelby HS Rockets : RHP Kevin Harris
Batting: RHB Jim Lipscomb 0-0: Swinging Strike
0-1: Ball
1-1: Called Strike
1-2: Ball
2-2: Foul Ball, location: 2F
2-2: Fly out, F4 (Line Drive, 4M)
Batting: RHB Bruce Cooper 0-0: Foul Ball, location: 2F
0-1: Ground out 6-3 (Groundball, 6M)
Batting: LHB Joseph Wood 0-0: Foul Ball, location: 2F
0-1: Foul Ball, location: 2F
0-2: Foul Ball, location: 2F
0-2: Strikes out swinging
Top of the 2nd over - 0 runs, 0 hits, 0 errors, 0 left on base; Tacoma HS 0 - Shelby HS 0
BOTTOM OF THE 2ND
Shelby HS Rockets batting - Pitching for Tacoma HS Torchmen : RHP Bill Gogearty
Batting: RHB Mario Flores 0-0: Foul Ball, location: 2F
0-1: Ball
1-1: Ball
2-1: SINGLE (Groundball, 6MD)
Batting: SHB Simon Spencer 0-0: Ball
1-0: Ball
2-0: Called Strike
2-1: Swinging Strike
2-2: Strikes out swinging
Batting: RHB Jorge Solís 0-0: Foul Ball, location: 2F
0-1: SINGLE (Groundball, 56D)
Mario Flores to second
Batting: RHB Art McDonald 0-0: Called Strike
0-1: Ball
1-1: Grounds into double play, 4-6-3 (Groundball, 4)
Bottom of the 2nd over - 0 runs, 2 hits, 0 errors, 1 left on base; Tacoma HS 0 - Shelby HS 0
TOP OF THE 3RD
Tacoma HS Torchmen batting - Pitching for Shelby HS Rockets : RHP Kevin Harris
Batting: SHB Jimmy Mayer 0-0: Swinging Strike
0-1: SOLO HOME RUN (Flyball, 9LD), Distance : 375 ft
Batting: LHB Ben Underwood 0-0: Called Strike
0-1: Foul Ball, location: 2F
0-2: Ball
1-2: Foul Ball, location: 2F
1-2: DOUBLE (Line Drive, 9LM)
Batting: LHB Phil Marshall 0-0: Fly out, F6 (Popup, 6M)
Batting: LHB John Bell 0-0: Called Strike
0-1: Foul Ball, location: 2F
0-2: Foul Ball, location: 2F
0-2: Ball
1-2: SINGLE (Flyball, 5D)
Ben Underwood to third
Runner from 3rd tries for Home, SAFE, throw made home
Batting: RHB David Carter 0-0: Ball
1-0: Ball
2-0: Ball
3-0: Swinging Strike
3-1: SINGLE (Groundball, 25) (infield hit)
John Bell to second
Pinch Runner at 1st John Barnett:
Batting: RHB Glenn Browne 0-0: Called Strike
0-1: Ball
1-1: Fly out, F9 (Flyball, 9S)
Batting: RHB Jim Lipscomb 0-0: Called Strike
0-1: Foul Ball, location: 2F
0-2: Strikes out swinging
Top of the 3rd over - 2 runs, 4 hits, 0 errors, 2 left on base; Tacoma HS 2 - Shelby HS 0
BOTTOM OF THE 3RD
Shelby HS Rockets batting - Pitching for Tacoma HS Torchmen : RHP Bill Gogearty
Batting: RHB Craig Jensen 0-0: Called Strike
0-1: Ball
1-1: Ball
2-1: SINGLE (Groundball, 4MD)
Batting: RHB Phil Stephens 0-0: Called Strike
0-1: Ball
1-1: Called Strike
1-2: Ball
2-2: Ball
3-2: Ground out 4-3 (Groundball, 4M)
Craig Jensen to second
Batting: LHB Ron Davis 0-0: Ball
1-0: Ball
2-0: Swinging Strike
2-1: Swinging Strike
2-2: Strikes out swinging
Batting: RHB Jim Spears 0-0: Foul Ball, location: 2F
0-1: Fly out, F9 (Flyball, 9LSF)
Bottom of the 3rd over - 0 runs, 1 hit, 0 errors, 1 left on base; Tacoma HS 2 - Shelby HS 0
TOP OF THE 4TH
Tacoma HS Torchmen batting - Pitching for Shelby HS Rockets : RHP Kevin Harris
Batting: RHB Bruce Cooper 0-0: SINGLE (Groundball, 4MD)
Batting: LHB Joseph Wood 0-0: SINGLE (Groundball, 3) (infield hit)
Bruce Cooper to second
Batting: SHB Jimmy Mayer 0-0: Ball
1-0: Ball
2-0: Called Strike
2-1: Foul Ball, location: 2F
2-2: Strikes out swinging
Batting: LHB Ben Underwood 0-0: Swinging Strike
0-1: Swinging Strike
0-2: Strikes out swinging
Batting: LHB Phil Marshall 0-0: Fly out, F8 (Flyball, 89D)
Top of the 4th over - 0 runs, 2 hits, 0 errors, 2 left on base; Tacoma HS 2 - Shelby HS 0
BOTTOM OF THE 4TH
Shelby HS Rockets batting - Pitching for Tacoma HS Torchmen : RHP Bill Gogearty
Batting: LHB Ben Ward 0-0: Ball
1-0: Ball
2-0: Fly out, F9 (Line Drive, 9D)
Batting: RHB Mario Flores 0-0: Ball
1-0: Foul Ball, location: 2F
1-1: Ball
2-1: Foul Ball, location: 2F
2-2: Ball
3-2: Foul Ball, location: 2F
3-2: Strikes out swinging
Batting: SHB Simon Spencer 0-0: Ball
1-0: Ball
2-0: Called Strike
2-1: Foul Ball, location: 2F
2-2: Foul Ball, location: 2F
2-2: Strikes out looking
Bottom of the 4th over - 0 runs, 0 hits, 0 errors, 0 left on base; Tacoma HS 2 - Shelby HS 0
TOP OF THE 5TH
Tacoma HS Torchmen batting - Pitching for Shelby HS Rockets : RHP Kevin Harris
Batting: LHB John Bell 0-0: Ground out 6-3 (Groundball, 6)
Batting: RHB John Barnett 0-0: Ball
1-0: Called Strike
1-1: Foul Ball, location: 2F
1-2: Strikes out swinging
Batting: RHB Glenn Browne 0-0: Ball
1-0: Ball
2-0: Called Strike
2-1: Foul Ball, location: 2F
2-2: Strikes out swinging
Top of the 5th over - 0 runs, 0 hits, 0 errors, 0 left on base; Tacoma HS 2 - Shelby HS 0
BOTTOM OF THE 5TH
Shelby HS Rockets batting - Pitching for Tacoma HS Torchmen : RHP Bill Gogearty
Batting: RHB Jorge Solís 0-0: Foul Ball, location: 2F
0-1: Swinging Strike
0-2: Ball
1-2: Ball
2-2: Ball
3-2: Strikes out swinging
Batting: RHB Art McDonald 0-0: Called Strike
0-1: Ball
1-1: Ball
2-1: Ground out 4-3 (Groundball, 4)
Batting: RHB Craig Jensen 0-0: Fly out, F8 (Flyball, 8RM)
Bottom of the 5th over - 0 runs, 0 hits, 0 errors, 0 left on base; Tacoma HS 2 - Shelby HS 0
TOP OF THE 6TH
Tacoma HS Torchmen batting - Pitching for Shelby HS Rockets : RHP Kevin Harris
Batting: RHB Jim Lipscomb 0-0: Foul Ball, location: 2F
Saturday, December 16th, 2017 - OOTP Baseball 18.8 Build 76